 Dungeon Crawl Stone Soup version 0.29.0-3-gbb0933ed62 (webtiles) character file.

Game seed: 11408396331844316045

8460 DemonSlayer the Thaumaturge (level 11, -33/72 HPs)
             Began as a Demonspawn Fire Elementalist on Aug 25, 2022.
             Killed by an exploding yak (47 damage)
             ... ignited by their inner flame
             ... on level 10 of the Dungeon.
             The game lasted 00:27:29 (14377 turns).

DemonSlayer the Thaumaturge (DsFE)                 Turns: 14377, Time: 00:27:29

Health: -33/72     AC:  8    Str:  8    XL:     11   Next: 10%
Magic:  5/25       EV: 16    Int: 22    God:
Gold:   451        SH:  4    Dex: 19    Spells: 4/31 levels left

rFire   . . .      SeeInvis .   m - +1 morningstar
rCold   . . .      Faith    .   D - +0 buckler
rNeg    . . .      Spirit   .   K - +0 acid dragon scales
rPois   .          Reflect  .   (no helmet)
rElec   .          Harm     .   O - +0 cloak
rCorr   +          Rampage  .   a - +0 pair of gloves
Will    .....                   (no boots)
Stlth   ++........              g - amulet of magic regeneration
HPRegen 0.22/turn               e - +6 ring of dexterity
MPRegen 0.59/turn               q - +4 ring of slaying

@: mighty, agile
A: hooves 1, powered by pain 2, spiny 3, weakness stinger 1, demonic touch 1
a: no special abilities


You were on level 10 of the Dungeon.
You visited 2 branches of the dungeon, and saw 11 of its levels.

You collected 661 gold pieces.
You spent 210 gold pieces at shops.

Inventory:

Hand Weapons
 m - a +1 morningstar (weapon)
Missiles
 u - a curare-tipped dart
 N - a throwing net
Armour
 a - a +0 pair of gloves (worn)
 l - a +2 kite shield
 D - a +0 buckler (worn)
 K - +0 acid dragon scales (worn)
 O - a +0 cloak (worn)
Jewellery
 e - a +6 ring of dexterity (left hand)
 g - an amulet of magic regeneration (around neck)
 q - a +4 ring of slaying (right hand)
Wands
 A - a wand of acid (1)
 I - a wand of flame (23)
 L - a wand of iceblast (5)
Scrolls
 f - a scroll of immolation
 h - 4 scrolls of amnesia
 i - a scroll of fear {unknown}
 k - 2 scrolls of summoning {unknown}
 n - 2 scrolls of magic mapping
 o - 2 scrolls of noise
 p - a scroll of teleportation {unknown}
 r - 2 scrolls of torment {unknown}
 v - a scroll of enchant armour {unknown}
 w - a scroll of blinking {unknown}
 y - a scroll of poison {unknown}
 B - a scroll of brand weapon {unknown}
 J - a scroll of butterflies {unknown}
Potions
 b - a potion of magic
 c - 7 potions of curing
 d - 2 potions of heal wounds
 j - 2 potions of lignification
 s - 2 potions of berserk rage
 t - 2 potions of brilliance
 x - 3 potions of might
 z - a potion of attraction
 F - a potion of mutation
 G - a potion of invisibility {unknown}
 H - 3 potions of haste
Miscellaneous
 C - a condenser vane (inert)


   Skills:
 + Level 2.0 Fighting
 + Level 3.1 Maces & Flails
 + Level 2.4 Throwing
 + Level 2.0 Armour
 + Level 2.6 Dodging
 + Level 3.2 Stealth
 + Level 0.1 Shields
 + Level 10.9 Spellcasting
 + Level 1.7 Conjurations
 + Level 10.2 Fire Magic
 + Level 0.3 Evocations


You had 4 spell levels left.
You knew the following spells:

 Your Spells              Type           Power      Damage    Failure   Level
a - Foxfire               Conj/Fire      100%       2x1d9     1%          1
b - Scorch                Fire           100%       2d10      1%          2
c - Conjure Flame         Conj/Fire      38%        6-21      3%          3
d - Sticky Flame          Conj/Fire      38%        2d6       11%         4
e - Ignite Poison         Fire/Tmut/Pois 27%        N/A       10%         3
f - Flame Wave            Conj/Fire      38%        2d10      11%         4
g - Summon Lightning Spi  Summ/Air       12%        N/A       78%         4
h - Ensorcelled Hibernat  Hex/Ice        24%        N/A       21%         2
i - Petrify               Tmut/Erth      12%        N/A       78%         4

Your spell library contained the following spells:

 Spells                   Type           Power      Damage    Failure   Level
 Inner Flame              Hex/Fire       34%        N/A       4%          3
 Beastly Appendage        Tmut           24%        N/A       13%         1
 Passwall                 Tmut/Erth      10%        N/A       21%         2
 Sublimation of Blood     Necr           12%        N/A       21%         2
 Wereblood                Tmut           12%        N/A       21%         2
 Spider Form              Tmut/Pois      12%        N/A       36%         3
 Swiftness                Air            12%        N/A       36%         3
 Passage of Golubria      Tloc           12%        N/A       78%         4
 Starburst                Conj/Fire      19%        6d7       86%         6
 Irradiate                Conj/Tmut      7%         3d14      94%         5
 Silence                  Hex/Air        6%         N/A       98%         5
 Malign Gateway           Summ/Tloc      6%         N/A       100%        7
 Lehudib's Crystal Spear  Conj/Erth      7%         10d3      100%        8
 Summon Horrible Things   Summ           6%         N/A       100%        8


Dungeon Overview and Level Annotations

Branches:
Dungeon (10/15)            Temple (1/1) D:7             Orc (0/2) D:10
   Lair: D:8-11

Altars:
Ashenzari
Cheibriados
Dithmenos
Fedhas
Gozag
Hepliaklqana
Kikubaaqudgha
Makhleb
Nemelex Xobeh
Okawaru
Qazlal
Ru
Sif Muna
Trog
Uskayaw
Vehumet
Wu Jian
Xom
Yredelemnul

Shops:
D:2 (   D:5 *


Innate Abilities, Weirdness & Mutations

You have large cloven feet.
You sometimes gain power by taking damage.
You are completely covered in sharp spines.
You have a small tail.
Your touch may inflict minor irresistible damage on your foes.


Message History

As you read the scroll labelled HUJATOU FOIL, it crumbles to dust.
It is a scroll of amnesia.
Really abort (and waste the scroll)?
Okay, then.
The orc warrior misses you. The yak gores you. The yak closely misses you.
The orc priest looks encouraged for a moment.
As you read the scroll labelled JICLIE HYVVAE, it crumbles to dust.
You hear a loud clanging noise!
It was a scroll of noise.
You hear a shout! x10
The orc warrior hits you from afar with a +0 glaive!
You focus on the pain.
You feel agile all of a sudden. The yak gores you but does no damage.
The yak closely misses you.
As you read the scroll labelled SURCHOI FIYNNIYM, it crumbles to dust.
You feel aware of your surroundings.
It was a scroll of magic mapping.
The yak gores you but does no damage. The yak is struck by your spines.
The yak barely misses you.
The orc warrior hits you from afar with a +0 glaive.
As you read the scroll labelled XIFEMM PEUGUJ, it crumbles to dust.
The creatures around you are filled with an inner flame!
It was a scroll of immolation.
The yak is no longer more vulnerable to fire. x2
The orc warrior hits you from afar with a +0 glaive!!
* * * LOW HITPOINT WARNING * * *
You focus on the pain.
You feel very mighty all of a sudden. The yak closely misses you.
You block the yak's attack.
You feel much better.
The orc warrior is no longer more vulnerable to fire.
The orc warrior barely misses you. The yak is struck by your spines.
The yak explodes!
The fiery explosion engulfs the yak!!!
The fiery explosion engulfs you!!
* * * LOW HITPOINT WARNING * * *
You focus on the pain.
You feel mightier all of a sudden.
The yak explodes!
The fiery explosion engulfs you!!!
Ouch! That really hurt!
You die...

#.# #............#....*#...#)###
#.###.######....#.....##...#.)..
#.#.............#.....#########.
#.#.#.#.#.#...........#***** #.
#.#.........####......#*,,,* ##
#..)#.#.#.#.# #.......#*,,,**###
###.........###........,,,,,....
#.#.#.#.#...#....##***,,,*####
#...........§@.§..#*,,,,,,,***
#.#.#.#.#...#§#+#.#*,*,,,*,,,,
#.^.........#o#o#.##.*,,,*,,**
##..##.....§#lY......,,,,,,,**
#...........(...Y...,,,,,,,,.
#####.......8≈≈≈≈≈≈≈~~~~~~~≈≈
#.......≈8≈≈≈≈≈≈~~~~~~~≈≈
#.......≈≈)+####*******##
*##.....≈≈.#,,,,,,,,,,,,,


You could see a yak (inner flame), an orc warrior (inner flame) and a wyvern
(inner flame).

Vanquished Creatures
  3 skeletal warriors
  Maurice (D:10)
  3 trolls
  2 wraiths
  Eustachio (D:9)
  9 yaks
  A steam dragon (D:8)
  3 acid dragons
  A water moccasin (D:5)
  5 orc warriors
  2 ice beasts
  2 black bears
  3 sky beasts (D:7)
  An ogre (D:6)
  A centaur (D:3)
  A kobold brigand (D:8)
  A phantom (D:4)
  Blork the orc (D:6)
  A bullfrog (D:7)
  2 necrophages
  4 scorpions
  3 gnoll sergeants (D:9)
  8 wights
  5 killer bees (D:10)
  The ghost of Zeldest the Insei, a weakling OpTm (D:4)
  An electric eel (D:10)
  4 howler monkeys
  A jelly (D:8)
  4 orc priests
  4 hounds
  2 gnoll boudas
  4 iguanas
  8 orc wizards
  Robin (D:4)
  11 gnolls
  4 adders
  3 shadow imps
  A white imp (D:7)
  3 ufetubi
  3 worms
  2 dart slugs
  41 orcs
  3 ball pythons
  4 endoplasms
  6 giant cockroaches
  15 goblins
  7 hobgoblins
  9 jackals
  10 kobolds
  2 quokkas
  8 bats
  5 rats
231 creatures vanquished.

Vanquished Creatures (others)
  101 foxfires
101 creatures vanquished.

Grand Total: 332 creatures vanquished

Notes
Turn   | Place    | Note
-------+----------+-------------------------------------------
     0 | D:1      | DemonSlayer the Demonspawn Fire Elementalist began the
                  | quest for the Orb.
     0 | D:1      | Reached XP level 1. HP: 13/13 MP: 3/3
   874 | D:1      | Discovered your monstrous ancestry.
   874 | D:1      | Gained mutation: You have large cloven feet. [demonic
                  | ancestry]
   874 | D:1      | Reached XP level 2. HP: 15/19 MP: 0/5
  1266 | D:1      | Learned a level 2 spell: Scorch
  1937 | D:2      | Gained mutation: You are partially covered in sharp spines.
                  | [demonic ancestry]
  1937 | D:2      | Reached XP level 3. HP: 2/24 MP: 1/6
  1938 | D:2      | HP: 1/24 [jackal (1)]
  2508 | D:2      | Found Ypsi's Weapon Emporium.
  2552 | D:2      | Identified the +0 scale mail of Amorality {-Cast rPois
                  | Dex+8}
  3062 | D:2      | Learned a level 3 spell: Conjure Flame
  3146 | D:3      | Gained mutation: You are mostly covered in sharp spines.
                  | [demonic ancestry]
  3146 | D:3      | Reached XP level 4. HP: 26/31 MP: 3/8
  3324 | D:3      | Found a faded altar of an unknown god.
  3522 | D:3      | Found a broken altar of Ashenzari.
  3831 | D:3      | Noticed a centaur
  3838 | D:3      | Killed a centaur
  3839 | D:3      | Reached skill level 1 in Maces & Flails
  3839 | D:3      | Gained mutation: Your touch may inflict minor irresistible
                  | damage on your foes. [demonic ancestry]
  3839 | D:3      | Reached XP level 5. HP: 18/36 MP: 10/10
  4402 | D:3      | Learned a level 4 spell: Sticky Flame
  4445 | D:4      | Noticed a black bear
  4449 | D:4      | Killed a black bear
  4450 | D:4      | Reached XP level 6. HP: 42/42 MP: 7/12
  4486 | D:4      | Reached skill level 1 in Fighting
  4505 | D:4      | Got the Almanac of Damaging Vapour
  4516 | D:4      | Noticed Robin
  4531 | D:4      | Killed Robin
  4824 | D:4      | Found a shimmering altar of Xom.
  4864 | D:4      | Found a runed translucent gate.
  4864 | D:4      | Found a runed translucent gate.
  4869 | D:4      | Found a runed translucent gate.
  4888 | D:4      | Noticed Zeldest's ghost (weakling OpTm)
  4982 | D:4      | Killed Zeldest's ghost
  4983 | D:4      | Reached XP level 7. HP: 48/48 MP: 7/14
  4999 | D:4      | Learned a level 3 spell: Ignite Poison
  5045 | D:5      | Entered Level 5 of the Dungeon
  5045 | D:5      | Found Ahil's Alliterative Accessories.
  5130 | D:5      | Reached skill level 5 in Spellcasting
  5130 | D:5      | Reached skill level 5 in Fire Magic
  5161 | D:5      | Bought a wand of acid (5) for 210 gold pieces
  5613 | D:5      | Learned a level 4 spell: Flame Wave
  5662 | D:6      | Found a burning altar of Makhleb.
  5737 | D:6      | Identified the +2 ring mail "Yguveoc" {Regen+ Int+9}
  5749 | D:6      | Noticed a wraith
  5757 | D:6      | Killed a wraith
  5758 | D:6      | Gained mutation: You are completely covered in sharp
                  | spines. [demonic ancestry]
  5758 | D:6      | Reached XP level 8. HP: 47/54 MP: 8/16
  5941 | D:6      | Noticed a troll
  5949 | D:6      | Noticed Blork the orc
  5950 | D:6      | Killed a troll
  6663 | D:6      | Killed Blork the orc
  7320 | D:6      | Learned a level 4 spell: Summon Lightning Spire
  7334 | D:7      | Found a staircase to the Ecumenical Temple.
  7433 | Temple   | Entered the Ecumenical Temple
  7906 | D:7      | Gained mutation: You have a small tail. [demonic ancestry]
  7906 | D:7      | Reached XP level 9. HP: 59/59 MP: 9/19
  9284 | D:7      | Learned a level 2 spell: Ensorcelled Hibernation
  9869 | D:8      | Found a hide-covered altar of Uskayaw.
  9874 | D:8      | Found a snail-covered altar of Cheibriados.
 10898 | D:9      | Reached skill level 1 in Throwing
 10901 | D:9      | Gained mutation: You sometimes gain a little power by
                  | taking damage. [demonic ancestry]
 10901 | D:9      | Reached XP level 10. HP: 67/67 MP: 5/22
 10994 | D:9      | Noticed Eustachio
 11719 | D:9      | Killed Eustachio
 12180 | D:9      | Learned a level 4 spell: Petrify
 12194 | D:10     | Entered Level 10 of the Dungeon
 12194 | D:10     | Noticed a skeletal warrior
 12194 | D:10     | Noticed a skeletal warrior
 12194 | D:10     | Noticed a skeletal warrior
 12203 | D:9      | Killed a skeletal warrior
 12680 | D:10     | Reached skill level 10 in Spellcasting
 12828 | D:10     | Reached skill level 1 in Armour
 12833 | D:10     | Noticed Maurice
 12850 | D:10     | Killed Maurice
 13733 | D:10     | Killed a skeletal warrior
 14288 | D:10     | Killed a skeletal warrior
 14289 | D:10     | Reached skill level 10 in Fire Magic
 14289 | D:10     | Gained mutation: You sometimes gain power by taking damage.
                  | [demonic ancestry]
 14289 | D:10     | Reached XP level 11. HP: 72/72 MP: 12/25
 14377 | D:10     | Killed by an exploding yak... ignited by their inner flame

Illustrated notes

Levels and vault maps discovered:
D:1:      psy_arrival_radial01, layout_loops_ring
D:2:      minmay_general_purpose_star, layout_basic, basic_altar, serial_shops,
          nicolae_shop_bloodbath_and_beyond
D:3:      minmay_spotlight, layout_basic, nicolae_overflow_crystal_walls,
          dreamdust_ecumenical_altar_statues
D:4:      layout_rooms, kennysheep_mini, ebering_ghost_rock_garden, uniq_robin
D:5:      layout_rooms, nicolae_alphabet_shops, minmay_misc_feat_hallway,
          minivault_24
D:6:      layout_basic, elyvilon_altar_3, mainiacjoe_overflow_catwalk,
          uniq_blork_the_orc
D:7:      layout_loops_corners, minmay_temple_entry_tees
D:8:      layout_loops_ring, mainiacjoe_overflow_divided_tiny
D:9:      layout_basic, chequers_serial_rivers_micro_a, sword_in_stone
D:10:     layout_basic, erik_orc_2, serial_glass, glass_columns_c,
          glass_columns_a, glass_columns_c, glass_columns_b, glass_columns_a,
          uniq_maurice
Temple:   lightli_temple_of_artemis

Skill      XL: |  1  2  3  4  5  6  7  8  9 10 |
---------------+-------------------------------+-----
Stealth        | 2 3 |  3.2
Fire Magic     | 3 4 6 7 8 10 | 10.2
Spellcasting   | 3 4 5 7 8 10 | 10.9
Dodging        | 2 |  2.6
Maces & Flails | 1 2 3 |  3.1
Fighting       | 1 2 |  2.0
Throwing       | 2 |  2.4
Armour         | 2 |  2.0
Shields        | |  0.1
Conjurations   | |  1.7
Evocations     | |  0.3

Action                   |  1- 3 |  4- 6 |  7- 9 | 10-12 || total
-------------------------+-------+-------+-------+-------++-------
Melee: Whip              |    34 |       |       |       ||    34
       Kick              |    12 |     3 |     2 |     4 ||    21
       Morningstar       |    10 |    12 |    10 |     9 ||    41
       Punch             |     1 |       |       |       ||     1
       Touch             |       |     1 |       |       ||     1
       Tailslap          |       |       |       |     2 ||     2
Throw: Dart              |       |     3 |     6 |    20 ||    29
       Throwing net      |       |       |     1 |     2 ||     3
 Cast: Foxfire           |    49 |       |       |    12 ||    61
       Scorch            |    15 |    46 |   166 |    94 ||   321
       Conjure Flame     |       |       |    12 |     7 ||    19
       Sticky Flame      |       |       |       |     8 ||     8
Evoke: Wand              |       |       |       |     6 ||     6
       Condenser vane    |       |       |       |     1 ||     1
  Use: Potion            |       |     2 |     1 |     1 ||     4
       Scroll            |       |       |     7 |     7 ||    14
 Stab: Sleeping          |     1 |       |       |       ||     1
Armor: Robe              |    10 |     2 |     4 |     1 ||    17
       Acid dragon scale |       |       |       |    10 ||    10
Dodge: Dodged            |    61 |    15 |    37 |    34 ||   147
Block: Buckler           |       |       |    15 |     7 ||    22
